 Dungeon Sprint DCSS version 0.21.0-26-g889b8f6 (webtiles) character file.

24000000 doot the Axe Maniac (level 27, -46/249 HPs)
             Began as a Formicid Chaos Knight on Jan 27, 2018.
             Was the Champion of Makhleb.
             Killed from afar by a dread (51 damage)
             ... with damnation
             ... in the Dungeon (Sprint VIII: "Arena of Blood").
             The game lasted 00:05:01 (240 turns).

doot the Axe Maniac (Formicid Chaos Knight)          Turns: 240, Time: 00:05:02

Health: -46/249    AC:  8    Str: 21    XL:     27
Magic:  54/54      EV: 34    Int: 12    God:    Makhleb [******]
Gold:   0          SH:  0    Dex: 19    Spells: 80/80 levels left

rFire    . . .     SeeInvis +   i - +∞ Axe of Woe
rCold    . . .     Gourm    .   (no shield)
rNeg     . . .     Faith    .   a - +2 leather armour
rPois    .         Spirit   .   (helmet unavailable)
rElec    .         Reflect  .   (no cloak)
rCorr    .         Harm     .   (no gloves)
MR       ++...                  (no boots)
Stlth    +++++++++.             (no amulet)
HPRegen  0.51/turn              (no ring)
MPRegen  0.34/turn              (no ring)

@: no status effects
A: permanent stasis, dig shafts and tunnels, four strong arms, antennae 3
a: Dig, Minor Destruction, Lesser Servant of Makhleb, Major Destruction, Greater
Servant of Makhleb, Renounce Religion


You were in the Dungeon.
You worshipped Makhleb.
Makhleb was exalted by your worship.
You were not hungry.

You visited 1 branch

Inventory:

Hand Weapons
 i - the +∞ Axe of Woe (weapon)
   (You found it in the Dungeon)
Armour
 a - a +2 leather armour (worn)
Scrolls
 h - a scroll of blinking
Potions
 c - a potion of curing
 e - a potion of haste
 f - 2 potions of magic
 g - a potion of berserk rage
Comestibles
 b - a ration


   Skills:
 O Level 27 Fighting
 O Level 27 Axes
 O Level 27 Throwing
 O Level 27 Armour
 O Level 27 Dodging
 O Level 27 Stealth
 O Level 27 Unarmed Combat
 O Level 27 Spellcasting
 O Level 27 Invocations


You had 80 spell levels left.
You didn't know any spells.

Dungeon Overview and Level Annotations

Branches:
Dungeon (1/1)

Altars:
Makhleb

Annotations:
D The Servant


Innate Abilities, Weirdness & Mutations

You cannot be hasted, slowed, berserked, paralysed or teleported.
You can dig through walls and to a lower floor.
Your four strong arms can wield two-handed weapons with a shield.
You have a pair of large antennae on your head. (SInv)


Message History

* * * LOW HITPOINT WARNING * * *
You hear a hideous shriek!
A vile comes into view. It is wielding a flail.
You feel much better.
You hear a shout! x11
The vile throws damnation at you.
The sphere of damnation explodes!
The damnation engulfs you!
* * * LOW HITPOINT WARNING * * *
The dread calls on the powers of darkness!
The bag of meat convulses!
The scourge convulses!
The eight-headed meat hydra convulses!
The fleshlord convulses!
Your body is wracked with pain!
* * * LOW HITPOINT WARNING * * *
You hear a shout!
The fleshlord mumbles some strange words.
The fleshlord seems to speed up.
The destroyer blinks!
You hear a shout! x3
The dread throws damnation at you.
The sphere of damnation explodes!
The damnation engulfs you!
You die...

##.{..oxV)))§....
##..D..px.))))§x).
##§#.V9L{xX..)§)§).
#)##WoW{.x...#)X)).
######.#WSO{#.....))x..
#......§9p{.##....x..#.
####.##WS{{{{#.....#...
##..#{{{{O.###......
#.@#{{{.{##....#...
#.###{{ { ..z....#. #.#


{{{{ ......... #.# {{{ oV..... #.# {{{{ ....... ## {{{ ..... {{{{{ You could see
a tyrant, an eight-headed meat hydra, a destroyer, a scourge, a fleshlord, 2
wretched souls, 2 dreads, 2 viles and a bag of meat.

Vanquished Creatures
  8 vampire knights (D)
  15 ogres (D)
  2 two-headed ogres (D)
  54 orcs (D)
  2 skeletal warriors (D)
81 creatures vanquished.

Vanquished Creatures (others)
  3 crawling corpses (D)
3 creatures vanquished.

Grand Total: 84 creatures vanquished

Notes
Turn   | Place    | Note
-------+----------+-------------------------------------------
     0 | D        | Found the +∞ Axe of Woe
     0 | D        | doot the Formicid Chaos Knight began the quest for the Orb.
     0 | D        | Reached XP level 1. HP: 18/18 MP: 1/1
     3 | D        | Noticed a meat berserker
     4 | D        | Fell from the grace of Xom
     4 | D        | Became a worshipper of Makhleb the Destroyer
     5 | D        | Noticed a bag of meat
     5 | D        | Noticed a bag of meat
     5 | D        | Noticed a bag of meat
     6 | D        | Noticed a bag of meat
     6 | D        | Noticed a bag of meat
     6 | D        | Noticed a bag of meat
     7 | D        | Noticed a meat berserker
     7 | D        | Noticed a meat berserker
     8 | D        | Killed a bag of meat
     8 | D        | Reached XP level 2. HP: 24/24 MP: 2/2
     8 | D        | Reached XP level 3. HP: 29/29 MP: 3/3
     8 | D        | Reached XP level 4. HP: 35/35 MP: 4/4
     8 | D        | Reached XP level 5. HP: 41/41 MP: 5/5
     8 | D        | Reached XP level 6. HP: 47/47 MP: 6/6
     8 | D        | Reached XP level 7. HP: 52/52 MP: 7/7
     8 | D        | Reached XP level 8. HP: 58/58 MP: 8/8
     8 | D        | Reached XP level 9. HP: 64/64 MP: 9/9
     8 | D        | Reached XP level 10. HP: 70/70 MP: 10/10
     8 | D        | Reached XP level 11. HP: 75/75 MP: 11/11
     8 | D        | Reached XP level 12. HP: 81/81 MP: 12/12
     8 | D        | Killed a bag of meat
     8 | D        | Reached * piety under Makhleb
     8 | D        | Reached skill level 27 in Axes
     8 | D        | Reached XP level 13. HP: 112/112 MP: 13/13
     8 | D        | Killed a meat berserker
     8 | D        | Reached XP level 14. HP: 143/143 MP: 14/14
     8 | D        | Reached XP level 15. HP: 149/149 MP: 15/15
     9 | D        | Noticed a meat berserker
     9 | D        | Killed a meat berserker
     9 | D        | Reached skill level 27 in Fighting
     9 | D        | Reached XP level 16. HP: 127/167 MP: 16/16
     9 | D        | Reached ** piety under Makhleb
    10 | D        | Reached XP level 17. HP: 165/174 MP: 17/17
    11 | D        | Killed a meat berserker
    11 | D        | Reached *** piety under Makhleb
    11 | D        | Reached skill level 27 in Armour
    11 | D        | Reached XP level 18. HP: 182/182 MP: 18/18
    13 | D        | Killed a meat berserker
    13 | D        | Reached skill level 27 in Dodging
    14 | D        | Noticed a destroyer
    14 | D        | Noticed a meat berserker
    15 | D        | Noticed a meat berserker
    16 | D        | Noticed a meat berserker
    17 | D        | Noticed a large bag of meat
    18 | D        | Noticed a meat berserker
    18 | D        | Noticed a meat berserker
    18 | D        | Killed a meat berserker
    18 | D        | Reached XP level 19. HP: 104/189 MP: 18/34
    18 | D        | Killed a meat berserker
    18 | D        | Reached **** piety under Makhleb
    18 | D        | Reached XP level 20. HP: 162/197 MP: 18/38
    18 | D        | Killed a meat berserker
    18 | D        | Reached XP level 21. HP: 204/204 MP: 18/44
    19 | D        | Noticed a meat berserker
    20 | D        | Noticed a destroyer
    20 | D        | Reached ***** piety under Makhleb
    20 | D        | Reached skill level 27 in Stealth
    21 | D        | Killed a destroyer
    21 | D        | Reached skill level 27 in Invocations
    21 | D        | Reached XP level 22. HP: 212/212 MP: 18/52
    21 | D        | Reached skill level 27 in Throwing
    21 | D        | Reached skill level 27 in Spellcasting
    21 | D        | Reached ****** piety under Makhleb
    21 | D        | Reached XP level 23. HP: 219/219 MP: 18/54
    22 | D        | Reached skill level 27 in Unarmed Combat
    22 | D        | Reached XP level 24. HP: 227/227 MP: 18/54
    23 | D        | Noticed a destroyer
    24 | D        | Killed a large bag of meat
    24 | D        | Reached XP level 25. HP: 234/234 MP: 19/54
    25 | D        | Reached XP level 26. HP: 242/242 MP: 19/54
    26 | D        | Noticed a destroyer
    27 | D        | Killed a destroyer
    27 | D        | Reached XP level 27. HP: 249/249 MP: 20/54
    30 | D        | Killed a destroyer
    30 | D        | Killed a destroyer
    32 | D        | Noticed The Servant
    33 | D        | Noticed a destroyer
    36 | D        | Noticed a destroyer
    37 | D        | Noticed a destroyer
    39 | D        | Noticed a large bag of meat
    42 | D        | Killed a destroyer
    43 | D        | Killed a destroyer
    43 | D        | Killed a destroyer
    45 | D        | Noticed a destroyer
    46 | D        | Noticed a destroyer
    47 | D        | Noticed a destroyer
    50 | D        | Noticed an accursed
    58 | D        | Killed a large bag of meat
    66 | D        | Killed a destroyer
   236 | D        | Noticed a tyrant
   237 | D        | Noticed a large bag of meat
   237 | D        | Noticed a tyrant
   237 | D        | Noticed a dread
   237 | D        | Noticed a fleshlord
   237 | D        | Noticed a dread
   237 | D        | Noticed a fleshlord
   237 | D        | Noticed a vile
   239 | D        | Noticed a fleshlord
   239 | D        | Noticed a fleshlord
   239 | D        | Noticed a destroyer
   239 | D        | HP: 8/249 [dread/damnation (15)]
   240 | D        | Noticed a vile
   240 | D        | Killed from afar by a dread

Skill      XL: |  1  2  3  4  5  6  7  8  9 10 11 12 13 14 15 16 17 18 19 20 21 22 23 |
---------------+----------------------------------------------------------------------+-----
Axes           | 25 27 | 27.0
Fighting       | 13 23 27 | 27.0
Armour         | 8 13 17 26 27 | 27.0
Dodging        | 2 4 7 12 20 27 | 27.0
Throwing       | 11 14 19 26 27 | 27.0
Stealth        | 13 18 24 27 | 27.0
Spellcasting   | 11 14 19 26 27 | 27.0
Invocations    | 12 17 22 27 | 27.0
Unarmed Combat | 21 27 | 27.0

Action                   |  1- 3 |  4- 6 |  7- 9 | 10-12 | 13-15 | 16-18 | 19-21 | 22-24 | 25-27 || total
-------------------------+-------+-------+-------+-------+-------+-------+-------+-------+-------++-------
Melee: Executioner's axe |     1 |       |       |       |     1 |     4 |     2 |     2 |    15 ||    25
 Abil: Dig               |     1 |       |       |       |       |     1 |       |       |     5 ||     7
  Use: Potion            |       |       |       |       |       |       |       |       |     1 ||     1
Dodge: Dodged            |       |       |       |       |       |       |       |       |     5 ||     5
